 Dungeon Crawl Stone Soup version 0.29.1-15-g9cfb28693d (webtiles) character file.

Game seed: 572773699056499487

301 LynnLen the Conjurer (level 6, 0/24 HPs)
             Began as a Felid Conjurer on Mar 11, 2023.
             Succumbed to a gnoll's poison
             ... on level 4 of the Dungeon.
             The game lasted 00:26:07 (6512 turns).

LynnLen the Conjurer (Felid Conjurer)               Turns: 6512, Time: 00:26:08

Health: 0/24       AC:  2    Str:  3    XL:     6   Next: 14%
Magic:  14/14      EV: 17    Int: 21    God:
Gold:   171        SH:  0    Dex: 15    Spells: 7/14 levels left
                                        Lives:  0   Deaths: 1

rFire   . . .      SeeInvis +   (weapon unavailable)
rCold   . . .      Faith    .   (shield unavailable)
rNeg    . . .      Spirit   .   (body armour unavailable)
rPois   .          Reflect  .   (helmet unavailable)
rElec   .          Harm     .   (cloak unavailable)
rCorr   .          Rampage  .   (gloves unavailable)
Will    .....                   (boots unavailable)
Stlth   ++........              (no amulet)
HPRegen 0.08/turn               (no ring)
MPRegen 0.14/turn               (no ring)

@: lethally poisoned (0 -> -29), quick
A: very small, claws 1, fangs 3, see invisible, speed 1, shaggy fur 2, stealthy
paws, no weapons or thrown items, no armour, multi-lived
a: no special abilities


You were on level 4 of the Dungeon.
You visited 1 branch of the dungeon, and saw 4 of its levels.

You collected 171 gold pieces.

Inventory:

Jewellery
 f - a ring of positive energy
Potions
 a - a potion of flight
 b - 2 potions of magic
 c - 6 potions of heal wounds
 d - a potion of lignification {unknown}
 e - a potion of brilliance {unknown}
 g - 2 potions of mutation
 h - 2 potions of degeneration {unknown}
 i - a potion of curing {unknown}
 j - a potion of resistance {unknown}


   Skills:
 - Level 2.9 Dodging
 - Level 3.0 Stealth
 + Level 4.8 Spellcasting
 + Level 5.7 Conjurations


You had 7 spell levels left.
You knew the following spells:

 Your Spells              Type           Power      Damage    Failure   Level
a - Magic Dart            Conj           100%       1d8       1%          1
b - Searing Ray           Conj           58%        2d6       1%          2
c - Fulminant Prism       Conj/Hex       8%         3d7       34%         4

Your spell library contained the following spells:

 Spells                   Type           Power      Damage    Failure   Level
 Dazzling Flash           Conj/Hex       34%        N/A       11%         3
 Mephitic Cloud           Conj/Pois/Air  13%        N/A       16%         3
 Ignite Poison            Fire/Tmut/Pois 5%         N/A       32%         3
 Tukima's Dance           Hex            5%         N/A       32%         3
 Iskenderun's Mystic Bla  Conj/Tloc      17%        2d5       34%         4
 Fireball                 Conj/Fire      8%         3d6       67%         5
 Passage of Golubria      Tloc           5%         N/A       73%         4
 Freezing Cloud           Conj/Ice/Air   6%         6-21      80%         5
 Yara's Violent Unravell  Hex/Tmut       2%         3d3       97%         5
 Starburst                Conj/Fire      8%         6d4       99%         6
 Ignition                 Fire           2%         3d3       100%        8


Dungeon Overview and Level Annotations

Branches:
Dungeon (4/15)
 Temple: D:4-7

Altars:
Elyvilon
Zin
The Shining One

Annotations:
D:2 1 runed translucent door, Crazy Yiuf
D:4 Seidenschwarz's ghost, amateur MiFi


Innate Abilities, Weirdness & Mutations

You have sharp claws.
You have razor-sharp teeth.
You have supernaturally acute eyesight. (SInv)
You cover ground quickly. (Speed+)
You are covered in thick fur. (AC +2)
Your paws help you pounce on unaware monsters.
You are incapable of wielding weapons or throwing items.
You cannot wear armour.
You gain extra lives every three experience levels.


Message History

You feel yourself slow down.
Casting: Fulminant Prism (astonishingly dangerous; 34% risk of failure)
Confirm with . or Enter, or press ? or * to list all spells.
Aiming: Fulminant Prism (astonishingly dangerous; 34% risk of failure)
Press: ? - help, Dir - move target You conjure a prism of explosive energy!
A fulminant prism comes into view.
Seidenschwarz's ghost hits your fulminant prism.
Seidenschwarz's ghost hits your fulminant prism.
Your fulminant prism detonates feebly.
Your magical contamination has completely faded away.
Seidenschwarz's ghost attacks as you move away!
Seidenschwarz's ghost barely misses you.
Seidenschwarz's ghost attacks as you move away!
Seidenschwarz's ghost completely misses you.
You feel yourself speed up.
There is a stone staircase leading up here.
You climb upwards.
There is a stone staircase leading down here.
You start resting.
Magic restored.
You start resting.
HP restored.
There is a stone staircase leading down here.
You climb downwards.
Level annotation: Seidenschwarz's ghost, amateur MiFi
There is a stone staircase leading up here.
The gnoll hits you with a +0 spear of venom.
You are poisoned.
You scratch the gnoll but do no damage.
You feel very sick.
The gnoll hits you with a +0 spear of venom.
You are lethally poisoned!
You scratch the gnoll but do no damage.
You feel very sick.
The gnoll hits you with a +0 spear of venom.
* * * LOW HITPOINT WARNING * * *
You are more poisoned.
You closely miss the gnoll.
You die...

#...#.###.#.#####.<#######.#
#...).....#.#####...# #.#
#####.#####.##....#.# #.# #.#
#.##.##.(.# ##.# # #.#
#.##.##.### ##... ## ####.#
#.##.##.# ##.... .## ##.##.#
#.......# ##.....
..####...#.########....####......
..'.............@g........'......
..####...##########......##......
.## #..## #.#.##.###..... ## #.##
#.####.# ##.... # #.# #.####.#
##... #.# #...##.# ##.# #.#
#.#.##.# #.# #.# #.#.##.# #.# #.#
#.#.##J######.#


You could see a gnoll.

Vanquished Creatures
  Edmund (D:4)
  A black bear (D:4)
  A jelly (D:4)
  An orc wizard (D:3)
  4 gnolls (D:2)
  4 adders
  3 dart slugs
  6 orcs (D:3)
  8 ball pythons
  3 bats
  5 endoplasms
  2 giant cockroaches
  4 goblins
  7 hobgoblins
  3 jackals (D:4)
  8 kobolds
  2 quokkas
  5 frilled lizards
  5 rats
73 creatures vanquished.

Vanquished Creatures (others)
  20 fulminant prisms
20 creatures vanquished.

Grand Total: 93 creatures vanquished

Notes
Turn   | Place    | Note
-------+----------+-------------------------------------------
     0 | D:1      | LynnLen the Felid Conjurer began the quest for the Orb.
     0 | D:1      | Reached XP level 1. HP: 7/7 MP: 4/4
   453 | D:1      | Found a faded altar of an unknown god.
   459 | D:1      | Reached XP level 2. HP: 11/11 MP: 0/6
   465 | D:1      | Learned a level 2 spell: Searing Ray
  1352 | D:2      | Reached skill level 4 in Conjurations
  1426 | D:2      | Reached XP level 3. HP: 14/14 MP: 2/7
  1671 | D:2      | Reached XP level 4. HP: 16/18 MP: 3/9
  1726 | D:2      | Learned a level 4 spell: Fulminant Prism
  2191 | D:2      | Found a runed translucent door.
  2192 | D:2      | Noticed Crazy Yiuf
  2801 | D:3      | Reached XP level 5. HP: 14/21 MP: 7/11
  3313 | D:3      | Found a glowing silver altar of Zin.
  3313 | D:3      | Found a white marble altar of Elyvilon.
  3313 | D:3      | Found a glowing golden altar of the Shining One.
  3733 | D:4      | Found a runed translucent door.
  3737 | D:4      | Noticed Seidenschwarz's ghost (amateur MiFi)
  4102 | D:4      | Noticed a black bear
  4135 | D:4      | Killed a black bear
  4136 | D:4      | Reached skill level 5 in Conjurations
  4273 | D:4      | Noticed Edmund
  4380 | D:4      | Gained mutation: You are covered in thick fur. (AC +2)
                  | [Felid growth]
  4380 | D:4      | Reached XP level 6. HP: 24/24 MP: 5/13
  4664 | D:4      | HP: 1/24 [Edmund/+4 dire flail of protection (14)]
  4671 | D:4      | Mangled by Edmund
  4672 | D:4      | Reached XP level 5. HP: -6/21 MP: 4/12
  4682 | D:4      | Killed Edmund
  5434 | D:4      | Reached XP level 6. HP: 24/24 MP: 5/14
  6512 | D:4      | Succumbed to a gnoll's poison

Illustrated notes

Levels and vault maps discovered:
D:1:      amcnicky_arrival_abandoned_market, layout_loops_ring,
          ebering_ecumenical_altar_mist, minmay_misc_feat_rows
D:2:      layout_basic, uniq_crazy_yiuf_cottage
D:3:      layout_loops_ring, good_gods_mini_temple,
          chequers_serial_rivers_micro_d
D:4:      layout_loops_corners, ebering_ghost_reflecting_pool,
          kennysheep_generic_room_10, uniq_edmund, uniq_blork_the_orc

Skill      XL: |  1  2  3  4  5 |
---------------+----------------+-----
Stealth        | 3 |  3.0
Conjurations   | 4 5 |  5.7
Spellcasting   | 3 4 |  4.8
Dodging        | |  2.9

Action                   |  1- 3 |  4- 6 || total
-------------------------+-------+-------++-------
Melee: Unarmed           |     3 |    24 ||    27
       Bite              |     1 |     4 ||     5
 Cast: Magic Dart        |    34 |    60 ||    94
       Searing Ray       |    11 |    12 ||    23
       Fulminant Prism   |       |    20 ||    20
  Use: Scroll            |     1 |     6 ||     7
       Potion            |       |     2 ||     2
Dodge: Dodged            |    16 |    38 ||    54
